 Dungeon Crawl Stone Soup version 0.29-a0-676-ga64570c9d2 (webtiles) character file.

Game seed: 12244487957549284292

352 YayAnonymity the Cudgeller (level 6, 0/61 HPs)
             Began as a Troll Gladiator on June 24, 2022.
             Slain by an orc
             ... wielding a +0 whip
              (3 damage)
             ... on level 3 of the Dungeon.
             The game lasted 00:03:46 (1607 turns).

YayAnonymity the Cudgeller (Troll Gladiator)        Turns: 1607, Time: 00:03:46

Health: 0/61       AC:  5    Str: 25    XL:     6   Next: 34%
Magic:  5/5        EV: 10    Int:  4    God:
Gold:   110        SH:  0    Dex: 11    Spells: 5/5 levels left

rFire   + . .      SeeInvis .     - Unarmed
rCold   + . .      Faith    .   (no shield)
rNeg    . . .      Spirit   .   q - +1 robe {rC+ rF+}
rPois   .          Reflect  .   c - +0 hat
rElec   .          Harm     .   (no cloak)
rCorr   .          Rampage  .   (gloves unavailable)
Will    .....                   (boots unavailable)
Stlth   +.........              (no amulet)
HPRegen 1.00/turn               (no ring)
MPRegen 0.09/turn               (no ring)

@: studying Unarmed Combat
A: large, unfitting armour, claws 3, regeneration 1, shaggy fur 1, tough skin 1
a: no special abilities


You were on level 3 of the Dungeon.
You visited 1 branch of the dungeon, and saw 3 of its levels.

You collected 110 gold pieces.

Inventory:

Hand Weapons
 a - a +0 flail
Missiles
 d - 3 throwing nets (quivered)
 e - a large rock
 k - 3 datura-tipped darts
Armour
 c - a +0 hat (worn)
 q - a +1 robe of resistance (worn)
Wands
 m - a wand of quicksilver (11)
Scrolls
 b - a scroll of immolation {unknown}
 f - a scroll of enchant armour {unknown}
 i - 3 scrolls of identify {unknown}
 j - 2 scrolls of teleportation {unknown}
 l - 2 scrolls of fog {unknown}
Potions
 g - a potion of curing {unknown}
 h - a potion of heal wounds {unknown}
 n - a potion of magic {unknown}
 p - a potion of degeneration {unknown}


   Skills:
 + Level 3.2 Fighting
 - Level 5.0 Maces & Flails
 - Level 3.0 Throwing
 - Level 2.4 Dodging
 * Level 1.9 Unarmed Combat


You had 5 spell levels left.
You didn't know any spells.
Your spell library contained the following spells:

 Spells                   Type           Power      Damage    Failure   Level
 Borgnjor's Revivificati  Necr           0%         N/A       100%        8
 Necromutation            Tmut/Necr      0%         N/A       100%        8
 Death's Door             Necr           0%         N/A       100%        9


Dungeon Overview and Level Annotations

Branches:
Dungeon (3/15)

Altars:
Cheibriados


Innate Abilities, Weirdness & Mutations

You are too large for most types of armour.
You have claws for hands.
Your natural rate of healing is unusually fast.
You are covered in fur. (AC +1)
You have tough skin. (AC +1)


Message History

The orc priest is severely wounded.
The orc hits you with a +0 whip. x2; The orc priest completely misses you.
The orc hits you with a +0 mace.
The orc priest mumbles some strange prayers to Beogh against you.
Beogh smites you!
You are too injured to fight recklessly!
You are too injured to fight recklessly!
You are too injured to fight recklessly!
You scratch the orc priest.
You kill the orc priest!
The orc hits you but does no damage. x2
The orc priest hits you with a +0 hand axe.
The orc barely misses you.
Training target 5.0 for Maces & Flails reached!
Your Maces & Flails skill increases to level 5!
You scratch the orc priest.
The orc priest is lightly wounded.
The orc closely misses you. The orc misses you. The orc barely misses you.
The orc priest mumbles some strange prayers to Beogh against you.
Beogh smites you!
* * * LOW HITPOINT WARNING * * *
You scratch the orc priest.
The orc priest is heavily wounded.
The orc priest barely misses you. The orc hits you with a +0 whip.
* * * LOW HITPOINT WARNING * * *
The orc hits you with a +0 whip.
* * * LOW HITPOINT WARNING * * *
The orc hits you with a +0 mace.
* * * LOW HITPOINT WARNING * * *
You barely miss the orc priest.
The orc priest is heavily wounded.
The orc hits you but does no damage. The orc hits you with a +0 whip.
* * * LOW HITPOINT WARNING * * *
The orc barely misses you.
The orc priest hits you with a +0 hand axe.
* * * LOW HITPOINT WARNING * * *
You claw the orc priest!
You kill the orc priest!
The orc closely misses you. The orc hits you with a +0 whip.
You die...

.........###
#..#.......
.$........#
#.........###
.##..........
..#.#......#
#.#.#..)oo##
#.#....)@o.#
#.##.......#
#.##.......#
#.###.....##
#<####...##
#..###.######
##..........#
#
###........#
.. #........#


You could see 3 orcs.

Vanquished Creatures
  Sigmund (D:2)
  A hound (D:2)
  2 orc priests (D:3)
  Jessica (D:3)
  Robin (D:2)
  2 adders (D:2)
  2 dart slugs
  6 ball pythons
  5 bats
  3 endoplasms
  3 giant cockroaches
  12 goblins
  7 hobgoblins
  13 jackals (D:1)
  A quokka (D:2)
  2 frilled lizards
  4 kobolds
  3 rats
69 creatures vanquished.

Notes
Turn   | Place    | Note
-------+----------+-------------------------------------------
     0 | D:1      | YayAnonymity the Troll Gladiator began the quest for the
                  | Orb.
     0 | D:1      | Reached XP level 1. HP: 19/19 MP: 0/0
   143 | D:1      | Reached skill level 3 in Maces & Flails
   155 | D:1      | Reached XP level 2. HP: 28/28 MP: 1/1
   275 | D:1      | Reached XP level 3. HP: 25/35 MP: 2/2
   575 | D:2      | Found a snail-covered altar of Cheibriados.
   761 | D:2      | Noticed Sigmund
   783 | D:2      | Killed Sigmund
   784 | D:2      | Reached skill level 4 in Maces & Flails
   784 | D:2      | Reached XP level 4. HP: 5/44 MP: 3/3
   784 | D:2      | Reached XP level 5. HP: 6/52 MP: 4/4
   904 | D:2      | Noticed Robin
   953 | D:2      | Killed Robin
  1118 | D:2      | Reached XP level 6. HP: 43/61 MP: 5/5
  1515 | D:3      | Noticed Jessica
  1528 | D:3      | Killed Jessica
  1529 | D:3      | Reached skill level 1 in Unarmed Combat
  1604 | D:3      | Reached skill level 5 in Maces & Flails
  1606 | D:3      | HP: 3/61 [orc/+0 whip (5)]
  1607 | D:3      | Slain by an orc

Illustrated notes

Levels and vault maps discovered:
D:1:      dpeg_arrival_snail, layout_rooms
D:2:      layout_basic, basic_altar, uniq_sigmund, uniq_robin
D:3:      layout_rooms, st_stairs_6, uniq_jessica, uniq_grinder

Skill      XL: |  1  2  3  4  5  6 |
---------------+-------------------+-----
Maces & Flails | 3 4 5 |  5.0
Throwing       | 2 3 |  3.0
Fighting       | 2 3 |  3.2
Unarmed Combat | 1 |  1.9
Dodging        | |  2.4

Action                   |  1- 3 |  4- 6 || total
-------------------------+-------+-------++-------
Melee: Flail             |   175 |    65 ||   240
       Punch             |     1 |       ||     1
       Unarmed           |       |    35 ||    35
 Stab: Sleeping          |     1 |       ||     1
Armor: Robe              |   102 |    41 ||   143
       Animal skin       |       |    15 ||    15
Dodge: Dodged            |   181 |    66 ||   247

Table legend: (Time is in decaauts)
 A = Elapsed time spent in this place.
 B = Non-inter-level travel time spent in this place.
 C = Inter-level travel time spent in this place.
 D = Time resting spent in this place.
 E = Time spent auto-exploring this place.
 F = Levels seen in this place.
 G = Mean time per level.
                   A        B        C        D        E       F      G
               +--------+--------+--------+--------+--------+-----+--------+
         Total |   1659 |   1585 |     74 |    147 |    881 |   3 |  553.0 |
       Dungeon |   1659 |   1585 |     74 |    147 |    881 |   3 |  553.0 |
               +--------+--------+--------+--------+--------+-----+--------+

Top non-repeatable levels by time:
     D:2: 1021 daAuts
     D:1: 538 daAuts
     D:3: 99 daAuts
